 Dungeon Crawl Stone Soup version 0.29-a0-352-g0917bc69df (webtiles) character file.

Game seed: 14726338351635709079

5 sokol815 the Chopper (level 1, -1/16 HPs)
             Began as an Octopode Berserker on Apr 24, 2022.
             Was a Follower of Trog.
             Engulfed by a cloud of flame (17 damage)
             ... on level 1 of the Dungeon.
             The game lasted 00:00:35 (342 turns).

sokol815 the Chopper (Octopode Berserker)            Turns: 342, Time: 00:00:36

Health: -1/16      AC:  1    Str: 16    XL:     1   Next: 80%
Magic:  1/1        EV: 13    Int: 15    God:    Trog [*.....]
Gold:   44         SH:  0    Dex: 11    Spells: 0/0 levels left

rFire   . . .      SeeInvis .   a - +0 hand axe
rCold   . . .      Faith    .   (no shield)
rNeg    . . .      Spirit   .   (helmet restricted)
rPois   .          Reflect  .   (no amulet)
rElec   .          Harm     .   I - +6 ring of intelligence
rCorr   .          Rampage  .   (no ring)
Will    .....                   (no ring)
Stlth   ++........              (no ring)
HPRegen 0.05/turn               (no ring)
MPRegen 0.07/turn               (no ring)
                                (no ring)
                                (no ring)

@: no status effects
A: almost no armour, amphibious, 8 rings, camouflage 1, gelatinous body 1,
(nimble swimmer 1), tentacles
a: Renounce Religion, Berserk


You were on level 1 of the Dungeon.
You worshipped Trog.
Trog was aware of your devotion.
You visited 1 branch of the dungeon, and saw 1 of its levels.

You collected 44 gold pieces.

Inventory:

Hand Weapons
 a - a +0 hand axe (weapon)
Missiles
 s - 56 stones
Jewellery
 I - a +6 ring of intelligence (left tentacle)
   (You found it on level 1 of the Dungeon)
Scrolls
 d - 2 scrolls of fear {unknown}
 f - a scroll of noise {unknown}
Potions
 b - a potion of lignification {unknown}
 c - a potion of flight {unknown}
 e - a potion of heal wounds {unknown}
 g - a potion of attraction {unknown}
 h - a potion of might {unknown}


   Skills:
 - Level 3.0 Fighting
 + Level 3.4 Axes
 - Level 3.0 Dodging


You couldn't memorise any spells.
You didn't know any spells.
Your spell library was empty.

Dungeon Overview and Level Annotations

Branches:
Dungeon (1/15)

Altars:


Innate Abilities, Weirdness & Mutations

You cannot wear most types of armour.
You are amphibious.
You can wear up to eight rings at the same time.
Your skin changes colour to match your surroundings (Stealth+).
Your rubbery body absorbs attacks. (AC +1, EV +1)
((You are camouflaged when in or above water. (Stealth+)))
You have tentacles for arms and can constrict up to eight enemies at once.


Message History

Welcome, sokol815 the Octopode Berserker.
They say the Orb of Zot lies within this dungeon, but they say a lot of things.
Trog says: Kill them all!
Found 33 stones and a bubbling coppery potion.
Found a staircase leading out of the dungeon.
b - a bubbling coppery potion;
s - 23 stones (quivered)
s - 56 stones (gained 33)
c - a lumpy red potion You now have 12 gold pieces.
You now have 27 gold pieces (gained 15).
I - a +6 ring of intelligence You feel clever.
I - a +6 ring of intelligence (left tentacle)
A bat comes into view.
You throw a stone.
The stone hits the bat but does no damage.
No target in view!
No target in view!
No target in view!
Clearing quiver.
The bat hits you but does no damage. The bat hits you but does no damage.
You closely miss the bat. Your grab misses the bat.
Your squeeze misses the bat. The bat misses you.
No target in view!
No target in view!
The bat misses you.
A bat is nearby!
You hit the bat but do no damage. Your grab misses the bat.
Your squeeze misses the bat. The bat barely misses you.
You hit the bat.
You kill the bat!
Trog accepts your kill.
No target in view!
No target in view!
s - 56 stones (gained 1)
d - a scroll labelled XUKAPLOLAM
Okay, then.
You open the door.
e - a glowing coppery potion You now have 35 gold pieces (gained 8).
A giant cockroach comes into view.
You hit the giant cockroach but do no damage.
Your grab misses the giant cockroach. The giant cockroach bites you.
You take 1 damage, and have 15/16 hp.
You hit the giant cockroach.
You kill the giant cockroach!
Trog accepts your kill.
No target in view!
No target in view!
A kobold comes into view. It is wielding a +0 club.
Found a stone staircase leading down.
The kobold shouts!
Health restored: 16 The kobold hits you with a +0 club.
You take 1 damage, and have 15/16 hp.
You barely miss the kobold. Your grab misses the kobold.
The kobold barely misses you.
You slash the kobold!
You kill the kobold!
Trog accepts your kill.
No target in view!
No target in view!
Things that are here:
a +0 club; a kobold corpse; Health restored: 16
There is a stone staircase leading down here.
f - a scroll labelled TOLUW SIOLUCERGH
g - a bubbling golden potion An endoplasm comes into view.
The endoplasm quivers.
You see here a +0 ring mail.
The endoplasm barely misses you.
You hit the endoplasm. The endoplasm completely misses you.
You hit the endoplasm.
You kill the endoplasm!
Trog accepts your kill.
No target in view!
You open the door.
There is an open door here.
h - a grey potion A ball python comes into view.
The ball python hisses angrily.
The ball python barely misses you. The ball python misses you.
You hit the ball python.
You kill the ball python!
Trog accepts your kill.
No target in view!
No target in view!
You see here a ball python corpse.
d - 2 scrolls labelled XUKAPLOLAM (gained 1)
You now have 44 gold pieces (gained 9).
Found a glowing scarf.
You see here a scarf of harm.
No target in view!
Really wriggle into a travel-excluded area?
You are engulfed in blazing flames.
Ouch! That really hurt!
You die...

##########
##........#
#...#####.# #☼@§# #.#
#☼§§# #.# #.# #.§§#
#.# #.# #...#####.#
#.# .$...°.○..# #.#
§.$...§○☼..## #.#
§....$§☼☼...# #.#
###...######.######.#
#§§§ #....[.....


There were no monsters in sight!

Vanquished Creatures
  A bat (D:1)
  An endoplasm (D:1)
  A giant cockroach (D:1)
  A ball python (D:1)
  A kobold (D:1)
5 creatures vanquished.

Notes
Turn   | Place    | Note
-------+----------+-------------------------------------------
     0 | D:1      | sokol815 the Octopode Berserker began the quest for the
                  | Orb.
     0 | D:1      | Reached XP level 1. HP: 16/16 MP: 1/1
    14 | D:1      | Noticed an electric eel
   342 | D:1      | Engulfed by a cloud of flame

Illustrated notes

Levels and vault maps discovered:
D:1:      arrival_aquarium_a, layout_basic,
          shapermc_ecumenical_altar_starsandcircs, lemuel_flame_loot_1

Action                   || total
-------------------------++-------
Melee: Hand axe          ||    10
Throw: Stone             ||     1
Armor: Skin              ||     2
Dodge: Dodged            ||     8

Table legend: (Time is in decaauts)
 A = Elapsed time spent in this place.
 B = Non-inter-level travel time spent in this place.
 C = Inter-level travel time spent in this place.
 D = Time resting spent in this place.
 E = Time spent auto-exploring this place.
 F = Levels seen in this place.
 G = Mean time per level.
                   A        B        C        D        E       F      G
               +--------+--------+--------+--------+--------+-----+--------+
         Total |    343 |    343 |      0 |      0 |    295 |   1 |  343.0 |
       Dungeon |    343 |    343 |      0 |      0 |    295 |   1 |  343.0 |
               +--------+--------+--------+--------+--------+-----+--------+

Top non-repeatable levels by time:
     D:1: 343 daAuts

Table legend:
 A = Kills in this place as a percentage of kills in entire the game.
 B = Kills by you in this place as a percentage of kills by you in the entire game.
 C = Kills by friends in this place as a percentage of kills by friends in the entire game.
 D = Other kills in this place as a percentage of other kills in the entire game.
 E = Experience gained in this place as a percentage of experience gained in the entire game.
 F = Experience gained in this place divided by the number of levels of this place that you have seen.
                   A       B       C       D       E      F
               +-------+-------+-------+-------+-------+----------------------
         Total | 100.0 | 100.0 |   N/A |   N/A | 100.0 |   8.0
       Dungeon | 100.0 | 100.0 |   N/A |   N/A | 100.0 |   8.0
               +-------+-------+-------+-------+-------+----------------------
